AoeStats
← _The_Lion

Arabia

505581293Analyzed
3v3 RM · 23d ago on Sep 10, 2026· 34m 28s· 6 players
Game mode
Random Map
Map size
Normal (6 player)
Population
200
Speed
Normal
Resources
Standard
Victory
Conquest
Starting age
Dark Age
Ending age
Imperial Age
RankedLock teamsTeams togetherTeam positionsShared explorationLock speedFull tech treeHidden civsTurbo modeCheats
Victory
Defeat
🇦🇷 Huns · Argentina
1534
+12
1532
+12
🇦🇷 Vikings · Argentina
1473
+14
🇺🇸 Japanese · United States
1507
-15
🇨🇦 Maya · Canada
1440
-13
🇦🇷 Turks · Argentina
1361
-10
Kosmic Ironside
9:07 Feudal Age
9:17 Loom
9:12 Man-at-Arms
17:03 Fletching
17:21 Double-Bit Axe
20:27 Padded Archer Armor
24:15 Castle Age
22:21 Horse Collar
24:51 Bodkin Arrow
24:17 Crossbowman
25:36 Leather Archer Armor
28:02 Wheelbarrow
29:58 Thumb Ring
Dazzle
6:17 Loom
8:52 Feudal Age
9:26 Double-Bit Axe
17:50 Scale Barding Armor
19:30 Forging
27:54 Castle Age
27:25 Fletching
27:33 Gold Mining
29:29 Bloodlines
29:52 Padded Archer Armor
30:00 Bodkin Arrow
32:01 Gold Shaft Mining
34:05 Bow Saw
_The_Lion
0:27 Loom
9:12 Feudal Age
13:00 Double-Bit Axe
14:08 Fletching
17:19 Padded Archer Armor
22:39 Castle Age
21:10 Gold Mining
23:16 Bodkin Arrow
22:43 Crossbowman
23:30 Thumb Ring
26:41 Ballistics
28:28 Leather Archer Armor
28:38 Bow Saw
29:24 Horse Collar
APs | Zethex
6:16 Loom
8:55 Feudal Age
16:13 Double-Bit Axe
19:00 Fletching
25:40 Castle Age
24:55 Padded Archer Armor
25:29 Gold Mining
25:45 Crossbowman
26:34 Bodkin Arrow
28:54 Bow Saw
29:04 Leather Archer Armor
32:04 Ballistics
APs | Power to the People
9:10 Feudal Age
12:22 Loom
14:21 Scale Mail Armor
14:58 Forging
17:03 Arson
17:10 Fletching
17:22 Double-Bit Axe
20:19 Padded Archer Armor
23:02 Wheelbarrow
24:31 Horse Collar
27:23 Castle Age
APs | fleita
6:47 Loom
9:06 Feudal Age
9:48 Double-Bit Axe
13:35 Horse Collar
14:14 Scale Barding Armor
14:22 Forging
18:46 Scale Barding Armor
19:07 Bloodlines
23:21 Wheelbarrow
22:57 Gold Mining
23:23 Fletching
26:32 Castle Age
26:38 Light Cavalry
27:39 Chain Barding Armor
29:23 Iron Casting
29:43 Husbandry
32:46 Stone Mining
Connection lost

Rejoining the realm…

Still unreachable

The connection could not be restored.

Session expired

The server has moved on; the page needs a fresh start.